 Dungeon Crawl Stone Soup version 0.23-a0-395-gcf17ac6 (webtiles) character file.

11715 Ijustatesigmund the Thaumaturge (level 11, -7/83 HPs)
             Began as a Gnoll Wizard on Nov 1, 2018.
             Was a Believer of Cheibriados.
             Splashed by an acid dragon's acid (9 damage)
             ... on level 12 of the Dungeon.
             The game lasted 00:40:00 (16842 turns).

Ijustatesigmund the Thaumaturge (Gnoll Wizard)     Turns: 16842, Time: 00:40:02

Health: -7/83      AC: 14    Str: 13    XL:     11   Next: 82%
Magic:  21/24      EV: 15    Int: 27    God:    Cheibriados [**....]
Gold:   431        SH:  0    Dex: 23    Spells: 17/29 levels left

rFire    . . .     SeeInvis .   c - +2 short sword (protect)
rCold    + . .     Gourm    .   (no shield)
rNeg     . . .     Faith    .   x - +2 scale mail {rC+}
rPois    +         Spirit   .   L - +0 helmet
rElec    .         Reflect  .   v - +1 cloak {+Inv}
rCorr    .         Harm     .   p - +1 pair of gloves
MR       .....                  i - +1 pair of boots
Stlth    +++.......             I - amulet of magic regeneration
HPRegen  0.23/turn              A - ring of poison resistance
MPRegen  0.44/turn              H - +4 ring of dexterity

@: about to teleport, corroded, very slow
A: distributed training, fangs 1, shaggy fur 1, MP-powered wands, strong nose
a: Bend Time, Renounce Religion, Evoke Invisibility


You were on level 12 of the Dungeon.
You worshipped Cheibriados.
Cheibriados was pleased with you.
You were not hungry.

You visited 2 branches of the dungeon, and saw 13 of its levels.

You collected 587 gold pieces.
You spent 156 gold pieces at shops.

Inventory:

Hand Weapons
 c - a +2 short sword of protection (weapon)
 s - a +1 blowgun
 D - a +2 flail of holy wrath
 F - a +1 long sword of slicing
 K - the +1 falchion of Jeczol {venom, rElec Int+7}
   (You found it on level 9 of the Dungeon)

   It poisons the flesh of those it strikes.
   It affects your intelligence (+7).
   It insulates you from electricity.
Missiles
 g - 5 curare-tipped needles
 n - 4 javelins of penetration (quivered)
 u - 4 needles of confusion
Armour
 a - a +0 troll leather armour
 b - a +0 hat
 h - a +1 pair of boots
 i - a +1 pair of boots (worn)
 p - a +1 pair of gloves (worn)
 v - a +1 cloak of invisibility (worn)
 x - a +2 scale mail of cold resistance (worn)
 L - a +0 helmet (worn)
Jewellery
 A - a ring of poison resistance (left hand)
 H - a +4 ring of dexterity (right hand)
 I - an amulet of magic regeneration (around neck)
Wands
 r - a wand of clouds (6)
 C - a wand of paralysis (5)
 G - a wand of iceblast (13)
 M - a wand of enslavement (6)
Scrolls
 e - 2 scrolls of enchant weapon
 j - 2 scrolls of identify
 m - 3 scrolls of immolation
 o - 4 scrolls of teleportation
 w - 3 scrolls of fog
 y - 4 scrolls of remove curse
Potions
 f - 3 potions of lignification
 k - 9 potions of curing
 l - 3 potions of heal wounds
 q - 3 potions of brilliance
 t - a potion of cancellation
 z - a potion of mutation
 B - a potion of invisibility {unknown}
 E - a potion of agility
 J - a potion of berserk rage
 N - 3 potions of flight
Comestibles
 d - 14 rations
 O - 4 chunks of flesh


   Skills:
 + Level 6.5 Fighting
 + Level 6.5 Short Blades
 + Level 6.5 Long Blades
 + Level 6.5 Axes
 + Level 6.5 Maces & Flails
 + Level 6.5 Polearms
 + Level 6.5 Staves
 + Level 6.5 Slings
 + Level 6.5 Bows
 + Level 6.5 Crossbows
 + Level 6.5 Throwing
 + Level 6.5 Armour
 + Level 8.1 Dodging
 + Level 7.8 Stealth
 + Level 6.5 Shields
 + Level 6.5 Unarmed Combat
 + Level 9.7 Spellcasting
 + Level 5.9 Conjurations
 + Level 5.4 Hexes
 + Level 5.4 Charms
 + Level 5.9 Summonings
 + Level 5.4 Necromancy
 + Level 5.9 Translocations
 + Level 5.4 Transmutations
 + Level 5.4 Fire Magic
 + Level 5.4 Ice Magic
 + Level 5.4 Air Magic
 + Level 5.4 Earth Magic
 + Level 5.4 Poison Magic
 + Level 7.2 Invocations
 + Level 6.5 Evocations


You had 17 spell levels left.
You knew the following spells:

 Your Spells              Type           Power        Failure   Level  Hunger
a - Magic Dart            Conj           ####         1%          1    None
b - Blink                 Tloc           N/A          2%          2    None
c - Mephitic Cloud        Conj/Pois/Air  #####...     5%          3    None
d - Conjure Flame         Conj/Fire      #####...     4%          3    None
e - Inner Flame           Hex/Fire       #####...     5%          3    None

Your spell library contained the following spells:

 Spells                   Type           Power        Failure   Level  Hunger
 Corona                   Hex            #####..      1%          1    None
 Call Imp                 Summ           #####...     2%          2    None
 Slow                     Hex            #####...     2%          2    None
 Portal Projectile        Hex/Tloc       #####.       4%          3    None
 Cause Fear               Hex            #####.....   19%         4    None
 Leda's Liquefaction      Hex/Erth       #####.....   19%         4    None


Dungeon Overview and Level Annotations

Branches:
Dungeon (12/15)            Temple (1/1) D:5
   Lair: D:8-11         Orc: D:9-12

Altars:
Ashenzari
Cheibriados
Dithmenos
Elyvilon
Fedhas
Gozag
Hepliaklqana
Kikubaaqudgha
Makhleb
Nemelex Xobeh
Okawaru
Qazlal
Ru
Sif Muna
Trog
Uskayaw
Vehumet
Wu Jian
Xom
Yredelemnul
Zin
The Shining One

Shops:
D:4 !


Innate Abilities, Weirdness & Mutations

Your experience applies equally to all skills.
You have very sharp teeth.
Your uncanny sense of smell can sniff out nearby items.
You are covered in fur. (AC +1)
You expend magic power (3 MP) to strengthen your wands.


Message History

You hear a bark!
You hear a horrible gurgling sound!
You hear a shout! x3
Found 2 arrows.
You see here 2 arrows.
Casting: Blink (safe; 2% risk of failure)
Confirm with . or Enter, or press ? or * to list all spells.
You blink.
You hear a screech!
You hear an angry growl.
You hear a bark!
Casting: Blink (safe; 2% risk of failure)
Confirm with . or Enter, or press ? or * to list all spells.
You can't see any susceptible monsters within range! (Use Z to cast anyway.)
As you read the scroll of teleportation, it crumbles to dust.
You feel strangely unstable.
A troll comes into view.
The troll shouts!
You hear a bellow!
A manticore comes into view.
The acid dragon spits acid at you. The splash of acid hits you!
* * * LOW HITPOINT WARNING * * *
The acid corrodes you!
You are splashed with acid!
The acid burns!
You die...

. .## ..#
#.# #.#
.##H###.#
#.T.....#
#V #@# ∆
.# #.#
.H#.#
c#.# ..#
#D# #§#
#.# #.#


You could see a manticore, a troll and an acid dragon.

Vanquished Creatures
  A two-headed ogre (D:12)
  Pikel (D:5)
  A centaur skeleton (D:12)
  A kobold demonologist (D:11)
  A polar bear (shapeshifter) (D:12)
  2 trolls
  Grinder (D:4)
  Prince Ribbit (D:6)
  3 hippogriffs
  15 yaks
  2 steam dragons
  A hungry ghost (D:8)
  2 sky beasts
  8 orc warriors
  3 slaves (D:5)
  A black bear (D:7)
  4 ice beasts
  A necrophage (D:11)
  An eye of draining (D:10)
  10 ogres
  5 centaurs
  3 phantoms
  3 big kobolds
  Blork the orc (D:5)
  5 bullfrogs
  A water moccasin zombie (D:9)
  A wyvern skeleton (D:6)
  3 scorpions
  4 killer bees (D:7)
  2 wights (D:12)
  2 howler monkeys
  4 crimson imps
  3 bullfrog zombies
  A centaur zombie (D:9)
  7 hounds
  7 jellies
  8 orc priests
  Crazy Yiuf (D:5)
  A bullfrog skeleton (D:9)
  9 orc wizards
  3 iguanas
  Natasha (thrice) (D:4)
  10 worker ants
  A hound zombie (D:8)
  A hound skeleton (D:4)
  A worker ant zombie (D:8)
  6 gnolls
  12 adders
  2 oozes
  2 adder zombies (D:6)
  An adder skeleton (D:5)
  6 worms
  4 dart slugs (D:1)
  8 leopard geckos
  45 orcs
  A ball python (D:3)
  4 giant cockroaches
  8 goblins
  6 hobgoblins
  18 jackals
  2 quokkas
  9 bats
  13 frilled lizards
  23 kobolds
  A leopard gecko zombie (D:7)
  10 rats
331 creatures vanquished.

Vanquished Creatures (others)
  2 gnolls (D:5)
  A kobold (D:9)
3 creatures vanquished.

Grand Total: 334 creatures vanquished

Notes
Turn   | Place    | Note
-------+----------+-------------------------------------------
     0 | D:1      | Ijustatesigmund the Gnoll Wizard began the quest for the
                  | Orb.
     0 | D:1      | Reached XP level 1. HP: 13/13 MP: 8/8
   304 | D:1      | Reached XP level 2. HP: 19/19 MP: 3/10
   462 | D:1      | Learned a level 2 spell: Blink
  1105 | D:1      | Reached XP level 3. HP: 25/25 MP: 8/11
  1524 | D:2      | Reached skill level 1 in Invocations
  1761 | D:2      | Reached skill level 1 in Fighting
  1761 | D:2      | Reached skill level 1 in Short Blades
  1761 | D:2      | Reached skill level 1 in Long Blades
  1761 | D:2      | Reached skill level 1 in Axes
  1761 | D:2      | Reached skill level 1 in Maces & Flails
  1761 | D:2      | Reached skill level 1 in Polearms
  1761 | D:2      | Reached skill level 1 in Staves
  1761 | D:2      | Reached skill level 1 in Slings
  1761 | D:2      | Reached skill level 1 in Bows
  1761 | D:2      | Reached skill level 1 in Crossbows
  1761 | D:2      | Reached skill level 1 in Throwing
  1761 | D:2      | Reached skill level 1 in Armour
  1761 | D:2      | Reached skill level 1 in Shields
  1761 | D:2      | Reached skill level 1 in Unarmed Combat
  1761 | D:2      | Reached skill level 1 in Evocations
  1824 | D:2      | Reached XP level 4. HP: 23/32 MP: 7/13
  2057 | D:2      | Reached skill level 1 in Hexes
  2057 | D:2      | Reached skill level 1 in Charms
  2057 | D:2      | Reached skill level 1 in Necromancy
  2057 | D:2      | Reached skill level 1 in Transmutations
  2057 | D:2      | Reached skill level 1 in Fire Magic
  2057 | D:2      | Reached skill level 1 in Ice Magic
  2057 | D:2      | Reached skill level 1 in Air Magic
  2057 | D:2      | Reached skill level 1 in Earth Magic
  2057 | D:2      | Reached skill level 1 in Poison Magic
  2238 | D:2      | Reached XP level 5. HP: 33/37 MP: 10/14
  4190 | D:4      | Reached XP level 6. HP: 35/44 MP: 9/16
  4200 | D:4      | Noticed a phantom
  4231 | D:3      | Killed a phantom
  4231 | D:3      | Reached skill level 5 in Dodging
  4662 | D:4      | Noticed Grinder
  4673 | D:4      | Paralysed by Grinder for 2 turns
  4679 | D:4      | Killed Grinder
  4679 | D:4      | Reached XP level 7. HP: 43/51 MP: 18/18
  4834 | D:4      | Found Fotob's Distillery.
  4855 | D:4      | Reached skill level 5 in Stealth
  4861 | D:4      | Bought a potion of heal wounds for 60 gold pieces
  4861 | D:4      | Bought a potion of mutation for 96 gold pieces
  4958 | D:4      | Gained mutation: You expend magic power (3 MP) to
                  | strengthen your wands. [potion of mutation]
  4958 | D:4      | Gained mutation: You are covered in fur. (AC +1) [potion of
                  | mutation]
  4985 | D:4      | Identified the cursed +0 leather armour "Jiqeycha" {rF+
                  | Int+4}
  5281 | D:4      | Noticed Natasha
  5286 | D:4      | Killed Natasha
  5293 | D:4      | Reached XP level 8. HP: 49/57 MP: 7/19
  5737 | D:4      | Noticed Natasha
  5754 | D:4      | Killed Natasha
  5770 | D:4      | Noticed Natasha
  5790 | D:4      | Killed Natasha
  5914 | D:5      | Entered Level 5 of the Dungeon
  6039 | D:5      | Found a staircase to the Ecumenical Temple.
  6227 | D:5      | Found a basalt altar of Yredelemnul.
  6244 | D:5      | Reached skill level 8 in Spellcasting
  6532 | D:5      | Noticed Blork the orc
  6556 | D:5      | Killed Blork the orc
  6579 | D:5      | Found a runed door.
  6583 | D:5      | Noticed Crazy Yiuf
  6592 | D:5      | Killed Crazy Yiuf
  6993 | D:5      | Noticed Pikel
  7013 | D:5      | Killed Pikel
  7013 | D:5      | Reached XP level 9. HP: 65/65 MP: 21/21
  8121 | D:6      | Noticed Prince Ribbit
  8131 | D:6      | Killed Prince Ribbit
  8305 | D:6      | Learned a level 3 spell: Mephitic Cloud
  9239 | D:7      | Reached skill level 5 in Invocations
  9598 | D:7      | Reached XP level 10. HP: 73/73 MP: 15/22
 11122 | D:8      | Reached skill level 5 in Fighting
 11122 | D:8      | Reached skill level 5 in Short Blades
 11122 | D:8      | Reached skill level 5 in Long Blades
 11122 | D:8      | Reached skill level 5 in Axes
 11122 | D:8      | Reached skill level 5 in Maces & Flails
 11122 | D:8      | Reached skill level 5 in Polearms
 11122 | D:8      | Reached skill level 5 in Staves
 11122 | D:8      | Reached skill level 5 in Slings
 11122 | D:8      | Reached skill level 5 in Bows
 11122 | D:8      | Reached skill level 5 in Crossbows
 11122 | D:8      | Reached skill level 5 in Throwing
 11122 | D:8      | Reached skill level 5 in Armour
 11122 | D:8      | Reached skill level 5 in Shields
 11122 | D:8      | Reached skill level 5 in Unarmed Combat
 11122 | D:8      | Reached skill level 5 in Evocations
 11861 | D:9      | Reached skill level 9 in Spellcasting
 11936 | D:9      | Got a transparent falchion
 11937 | D:9      | Identified the +1 falchion of Jeczol {venom, rElec Int+7}
                  | (You found it on level 9 of the Dungeon)
 12945 | D:9      | Reached skill level 5 in Conjurations
 12945 | D:9      | Reached skill level 5 in Summonings
 12945 | D:9      | Reached skill level 5 in Translocations
 12989 | D:10     | Entered Level 10 of the Dungeon
 13635 | D:10     | Reached XP level 11. HP: 74/81 MP: 24/24
 14799 | Temple   | Entered the Ecumenical Temple
 14847 | Temple   | Became a worshipper of Cheibriados the Contemplative
 14986 | D:7      | Learned a level 3 spell: Conjure Flame
 14990 | D:7      | Learned a level 3 spell: Inner Flame
 15250 | D:11     | Reached skill level 5 in Hexes
 15250 | D:11     | Reached skill level 5 in Charms
 15250 | D:11     | Reached skill level 5 in Necromancy
 15250 | D:11     | Reached skill level 5 in Transmutations
 15250 | D:11     | Reached skill level 5 in Fire Magic
 15250 | D:11     | Reached skill level 5 in Ice Magic
 15250 | D:11     | Reached skill level 5 in Air Magic
 15250 | D:11     | Reached skill level 5 in Earth Magic
 15250 | D:11     | Reached skill level 5 in Poison Magic
 15351 | D:11     | Reached * piety under Cheibriados
 15450 | D:11     | Noticed a sixfirhy
 16353 | D:11     | Found a burning altar of Makhleb.
 16593 | D:12     | Noticed a two-headed ogre
 16595 | D:12     | Reached ** piety under Cheibriados
 16622 | D:12     | Killed a two-headed ogre
 16832 | D:12     | Noticed a vampire knight
 16834 | D:12     | Noticed a skeletal warrior
 16842 | D:12     | Noticed a manticore
 16842 | D:12     | HP: 2/83 [acid dragon/splash of acid (16)]
 16842 | D:12     | Splashed by an acid dragon's acid

Vault maps used:
D:1:      dpeg_arrival_round_c
D:2:      first_ration
D:4:      serial_shops, kennysheep_little_box, uniq_grinder, uniq_natasha
D:5:      lemuel_round_altar, minmay_temple_entry_statues_fountains, uniq_pikel,
          uniq_crazy_yiuf_cottage, uniq_blork_the_orc
D:6:      uniq_prince_ribbit1
D:8:      dpeg_oklobed_lair
D:11:     basic_altar
D:12:     minmay_the_grid_square_5x5_5x5_mashed, serial_shops, kennysheep_mini,
          hangedman_stone_soup
Temple:   nicolae_temple_the_god_donut

Skill      XL: |  1  2  3  4  5  6  7  8  9 10 11 |
---------------+----------------------------------+-----
Conjurations   | 2 3 4 5 |  5.9
Summonings     | 2 3 4 5 |  5.9
Translocations | 2 3 4 5 |  5.9
Invocations    | 1 2 3 4 5 6 7 |  7.2
Fighting       | 1 2 3 4 5 6 |  6.5
Short Blades   | 1 2 3 4 5 6 |  6.5
Long Blades    | 1 2 3 4 5 6 |  6.5
Axes           | 1 2 3 4 5 6 |  6.5
Maces & Flails | 1 2 3 4 5 6 |  6.5
Polearms       | 1 2 3 4 5 6 |  6.5
Staves         | 1 2 3 4 5 6 |  6.5
Slings         | 1 2 3 4 5 6 |  6.5
Bows           | 1 2 3 4 5 6 |  6.5
Crossbows      | 1 2 3 4 5 6 |  6.5
Throwing       | 1 2 3 4 5 6 |  6.5
Armour         | 1 2 3 4 5 6 |  6.5
Shields        | 1 2 3 4 5 6 |  6.5
Unarmed Combat | 1 2 3 4 5 6 |  6.5
Evocations     | 1 2 3 4 5 6 |  6.5
Hexes          | 1 2 3 4 5 |  5.4
Charms         | 1 2 3 4 5 |  5.4
Necromancy     | 1 2 3 4 5 |  5.4
Transmutations | 1 2 3 4 5 |  5.4
Fire Magic     | 1 2 3 4 5 |  5.4
Ice Magic      | 1 2 3 4 5 |  5.4
Air Magic      | 1 2 3 4 5 |  5.4
Earth Magic    | 1 2 3 4 5 |  5.4
Poison Magic   | 1 2 3 4 5 |  5.4
Dodging        | 5 6 7 8 |  8.1
Stealth        | 5 6 7 |  7.8
Spellcasting   | 8 9 |  9.7

Action                   |  1- 3 |  4- 6 |  7- 9 | 10-12 || total
-------------------------+-------+-------+-------+-------++-------
Melee: Short sword       |     4 |   112 |   409 |   689 ||  1214
       Mace              |     1 |       |       |       ||     1
       Bite              |       |    11 |    45 |    97 ||   153
       Punch             |       |       |     6 |    26 ||    32
       Falchion          |       |       |       |    12 ||    12
 Fire: Blowgun           |       |       |     9 |       ||     9
Throw: Javelin           |       |     4 |     3 |     7 ||    14
 Cast: Magic Dart        |    91 |   129 |   130 |   295 ||   645
       Blink             |       |     1 |     4 |     6 ||    11
       Mephitic Cloud    |       |       |     7 |    39 ||    46
Evoke: Wand              |       |       |     1 |       ||     1
  Use: Scroll            |       |     5 |     8 |     8 ||    21
       Potion            |       |     2 |     5 |       ||     7
 Stab: Sleeping          |       |     3 |     4 |     8 ||    15
       Confused          |       |       |     4 |    47 ||    51
  Eat: Chunk             |     2 |     7 |    12 |    13 ||    34
       Ration            |       |     1 |     1 |     4 ||     6
Armor: Robe              |     2 |    28 |     3 |       ||    33
       Leather armour    |       |       |   156 |   115 ||   271
       Troll leather arm |       |       |       |    66 ||    66
       Scale mail        |       |       |       |    55 ||    55
Dodge: Dodged            |    13 |    85 |   284 |   475 ||   857
       Rpst.: Falchion   |       |       |       |     3 ||     3

Table legend:
 A = Non-vault XP
 B = Vault XP
 C = Vault XP percentage of total XP
 D = Non-vault monster count
 E = Vault monster count
 F = Vault count percentage of total count
                 A         B        C        D         E       F
            +---------+---------+-------+---------+---------+-------
      Total |   14146 |    2590 |  15.5 |     315 |      13 |   4.0
            +---------+---------+-------+---------+---------+-------
        D:1 |      54 |       0 |   0.0 |      27 |       0 |   0.0
        D:2 |     127 |       0 |   0.0 |      28 |       0 |   0.0
        D:3 |     320 |       0 |   0.0 |      35 |       0 |   0.0
        D:4 |     612 |     312 |  33.8 |      28 |       2 |   6.7
        D:5 |     709 |     775 |  52.2 |      22 |       3 |  12.0
        D:6 |     880 |     274 |  23.7 |      14 |       1 |   6.7
        D:7 |    1127 |       0 |   0.0 |      37 |       0 |   0.0
        D:8 |     976 |       0 |   0.0 |      18 |       0 |   0.0
        D:9 |    1407 |       0 |   0.0 |      25 |       0 |   0.0
       D:10 |    2800 |       0 |   0.0 |      33 |       0 |   0.0
       D:11 |    4131 |       0 |   0.0 |      45 |       0 |   0.0
       D:12 |    1003 |    1229 |  55.1 |       3 |       7 |  70.0
            +---------+---------+-------+---------+---------+-------
